 Dungeon Crawl Stone Soup version 0.30.1-11-g7821555f0a (webtiles) character file.

Game seed: 17060852454413352553

91 booth the Chopper (level 4, -1/34 HPs)
             Began as a Demonspawn Gladiator on Dec 25, 2023.
             Slain by a cerulean imp
             ... wielding a +1 spear
             ... summoned by Natasha
              (2 damage)
             ... on level 2 of the Dungeon.
             The game lasted 00:08:42 (1245 turns).

booth the Chopper (Demonspawn Gladiator)            Turns: 1245, Time: 00:08:42

Health: -1/34      AC:  6    Str: 13 (16) XL:     4   Next: 33%
Magic:  4/4        EV: 13    Int:  7 (10) God:
Gold:   72         SH:  0    Dex: 13 (14) Spells: 3/3 levels left

rFire   . . .        a - +0 war axe
rCold   . . .        (no shield)
rNeg    . . .        h - +0 ring mail
rPois   .            c - +0 helmet
rElec   .            (no cloak)
rCorr   .            (no gloves)
SInv    .            (no boots)
Will    .....        (no amulet)
Stlth   +            (no ring)
HPRegen 0.25/turn    (no ring)
MPRegen 0.09/turn

%: no passive effects
@: no status effects
A: repulsion field 1, demonic guardian 1
a: no special abilities


You were on level 2 of the Dungeon.
You visited 1 branch of the dungeon, and saw 2 of its levels.

You collected 72 gold pieces.

Inventory:

Hand Weapons
 a - a +0 war axe (weapon)
Missiles
 d - 3 throwing nets (quivered)
 s - a javelin
Armour
 b - a +0 leather armour
 c - a +0 helmet (worn)
 h - a +0 ring mail (worn)
 k - a +1 chain mail of cold resistance
Scrolls
 e - a scroll of identify
 j - a scroll of enchant armour
 l - a scroll of poison
 m - a scroll of teleportation {unknown}
 p - a scroll of noise {unknown}
Potions
 f - a potion of magic
 g - 2 potions of curing
 i - a potion of heal wounds
 n - a potion of degeneration
 o - 2 potions of brilliance
 q - a potion of attraction {unknown}
 r - a potion of ambrosia {unknown}


   Skills:
 + Level 2.8 Fighting
 * Level 3.7 Axes
 + Level 2.5 Throwing
 - Level 2.9 Dodging


You had 3 spell levels left.
You didn't know any spells.
Your spell library was empty.

Dungeon Overview and Level Annotations

Branches:
Dungeon (2/15)

Altars:

Annotations:
D:2 Natasha


Innate Abilities, Weirdness & Mutations

You are surrounded by a mild repulsion field. (EV +2)
A weak demonic guardian rushes to your aid.


Message History

You hear a faint echoing roar filled with hate and sorrow!
The cerulean imp disappears in a puff of smoke!
You have reached level 4!
You feel clever.
e - a scroll of identify
s - a javelin You start resting.
Natasha, Servant of Life and Death comes into view.
Natasha growls.
You open the door.
Natasha stares at you and mumbles some strange words.
The magic dart hits you.
There is an open door here.
You close the door.
Natasha opens the door.
It was a potion of degeneration.
There was something very wrong with that liquid.
You feel weakened.
You feel dopey.
You feel clumsy.
Natasha casts a spell.
Natasha stares at you and mumbles some strange words.
The magic dart hits you! Natasha casts a spell at you. The magic dart hits you.
* * * LOW HITPOINT WARNING * * *
The cerulean imp closely misses you. Natasha barely misses you.
There is an open door here.
Natasha attacks as you move away! Natasha claws you.
* * * LOW HITPOINT WARNING * * *
You barely miss Natasha. The cerulean imp misses you. Natasha claws you.
* * * LOW HITPOINT WARNING * * *
A demonic guardian appears!
The cerulean imp barely misses you.
You hit Natasha.
Natasha is moderately wounded.
Natasha claws you.
* * * LOW HITPOINT WARNING * * *
The cerulean imp barely misses you.
Your shadow imp misses Natasha.
Natasha claws you but does no damage.
You closely miss Natasha.
Natasha is moderately wounded.
The cerulean imp hits you from afar with a +1 spear.
You die...

#.##.###.###..#.## #.#
#. #........#
#..#.####.####.
####.###.# #......
..#.... #.# #.....##'##
###.##. ##.#
#######...## #.##. #..##
##.....## #.... #.#>##
##.......######.
#....####........^####..
#......@h5........).....
#....####5.....)..####.h
##.#.## ##.......## ##.
#...## ##.....## ##.
##..# ##...## #.# ##.#
##'## ##. #.# #.# ## #.#
#.########## #.#
##.##......#


You could see Natasha (ally target), a cerulean imp (summoned) and a friendly
shadow imp (summoned).

Vanquished Creatures
  Jessica (D:2)
  Natasha (D:2)
  2 dart slugs (D:1)
  2 endoplasms
  2 giant cockroaches (D:2)
  6 goblins
  2 jackals (D:1)
  A quokka (D:2)
  3 ball pythons
  8 bats
  3 frilled lizards
  2 kobolds
  5 rats
38 creatures vanquished.

Notes
Turn   | Place    | Note
-------+----------+-------------------------------------------
     0 | D:1      | booth the Demonspawn Gladiator began the quest for the Orb.
     0 | D:1      | Reached XP level 1. HP: 16/16 MP: 1/1
   189 | D:1      | Gained mutation: A weak demonic guardian rushes to your
                  | aid. [demonic ancestry]
   189 | D:1      | Reached XP level 2. HP: 22/22 MP: 2/2
   314 | D:1      | Reached skill level 3 in Axes
   672 | D:2      | Gained mutation: You are surrounded by a mild repulsion
                  | field. (EV +2) [demonic ancestry]
   672 | D:2      | Reached XP level 3. HP: 28/28 MP: 3/3
  1146 | D:2      | Noticed Natasha
  1151 | D:2      | Noticed Jessica
  1162 | D:2      | Killed Jessica
  1178 | D:2      | Killed Natasha
  1179 | D:2      | Reached XP level 4. HP: 9/34 MP: 4/4
  1228 | D:2      | Noticed Natasha
  1244 | D:2      | HP: 1/34 [Natasha (3)]
  1245 | D:2      | Slain by a cerulean imp

Illustrated notes

Levels and vault maps discovered:
D:1:      heliophobic_arrival_ceremonial_halls, layout_rooms, minivault_14
D:2:      layout_loops_corners, uniq_jessica, uniq_natasha

Skill      XL: |  1  2 |
---------------+-------+-----
Throwing       | 2 |  2.5
Axes           | 3 |  3.7
Fighting       | |  2.8
Dodging        | |  2.9

Action                     |  1- 3 |  4- 6 || total
---------------------------+-------+-------++-------
  Melee: War axe           |   107 |     3 ||   110
  Throw: Javelin           |     1 |       ||     1
    Use: Scroll            |     6 |       ||     6
         Potion            |     1 |     1 ||     2
 Armour: Ring mail         |    42 |     1 ||    43
         Leather armour    |     5 |       ||     5
  Dodge: Dodged            |   111 |     5 ||   116
